Map: Zona del Vuoto

Players

homotopy

  • Race: Protoss Protoss

Jhyrachy

  • Race: Zerg Zerg
  • League: Silver

nubius

  • Race: Terran Terran

Qwerty

  • Race: Terran Terran

Maklaut - Winner!

  • Race: Protoss Protoss
  • League: Silver

Hägen - Winner!

  • Race: Zerg Zerg

darksoul - Winner!

  • Race: Terran Terran

Koloss - Winner!

  • Race: Terran Terran

VOD

Have the link to the VOD?

Description

Time

  • Played on: March 29, 2016, 8:16 a.m.
  • Length: 25:23
Show
View Real Time Build Order
Export as new Build Order

homotopy Protoss 

Build Orders: Nexus First 

Get SALT Encoding   

  12  0:03  Probe (Chrono Boost)  
  13  0:13  Probe (Chrono Boost)  
  14  0:23  Pylon  
  14  0:34  Probe (Chrono Boost)  
  15  0:44  Probe (Chrono Boost)  
  16  0:59  Nexus  
  16  1:02  Probe (Chrono Boost)  
  17  1:10  Assimilator  
  17  1:16  Assimilator  
  17  1:26  Gateway  
  18  1:33  Probe (Chrono Boost)  
  18  1:39  Forge  
  18  1:45  Probe (Chrono Boost)  
  19  1:55  Probe (Chrono Boost)  
  20  2:06  Probe (Chrono Boost)  
  21  2:11  Probe (Chrono Boost)  
  21  2:15  Assimilator  
  22  2:16  Probe (Chrono Boost)  
  22  2:22  Probe (Chrono Boost)  
  24  2:24  Cybernetics Core  
  24  2:27  Probe (Chrono Boost)  
  25  2:31  Pylon  
  25  2:35  Probe (Chrono Boost)  
  26  2:37  Probe (Chrono Boost)  
  27  2:45  Probe (Chrono Boost)  
  27  2:48  Probe (Chrono Boost)  
  29  2:56  Probe (Chrono Boost)  
  31  2:58  Probe (Chrono Boost)  
  31  3:00  Assimilator  
  31  3:07  Probe (Chrono Boost)  
  31  3:08  Stargate  
  31  3:09  Probe (Chrono Boost)  
  33  3:44  Stargate  
  33  3:47  Stargate  
  36  4:00  Probe x2 (Chrono Boost)  
  36  4:14  Pylon  
  36  4:17  Pylon  
  36  4:23  Stargate  
  36  4:27  Void Ray (Chrono Boost)  
  36  4:28  Pylon  
  36  4:32  Pylon  
  36  4:34  Void Ray (Chrono Boost)  
  36  4:38  Void Ray (Chrono Boost)  
  44  4:43  Photon Cannon  
  44  4:54  Stargate  
  44  4:55  Probe  
  45  5:07  Probe  
  46  5:18  Pylon  
  46  5:19  Probe  
  46  5:21  Pylon  
  45  5:29  Pylon  
  37  5:36  Probe  
  37  5:48  Probe  
  33  6:00  Probe  
  29  6:07  Probe  
  30  6:12  Probe  
  35  6:19  Probe  
  35  6:24  Void Ray (Chrono Boost), Probe  
  37  6:31  Probe  
  38  6:37  Probe  
  39  6:43  Probe  
  40  6:49  Probe  
  41  6:55  Probe  
  41  7:01  Probe  
  43  7:04  Nexus  
  43  7:08  Probe  
  44  7:13  Probe  
  49  7:18  Void Ray (Chrono Boost)  
  49  7:20  Probe  
  50  7:25  Probe  
  51  7:32  Probe  
  52  7:37  Probe  
  52  7:44  Void Ray (Chrono Boost), Probe  
  57  7:49  Probe  
  59  8:01  Probe  
  64  8:10  Void Ray (Chrono Boost)  
  64  8:13  Pylon, Probe  
  65  8:20  Pylon  
  65  8:25  Probe  
  70  8:36  Void Ray (Chrono Boost)  
  70  8:38  Probe  
  67  8:50  Probe  
  68  8:56  Probe  
  69  9:06  Probe  
  69  9:09  Void Ray (Chrono Boost)  
  78  9:12  Void Ray (Chrono Boost)  
  78  9:16  Stargate  
  78  9:17  Probe  
  79  9:27  Probe  
  84  9:33  Void Ray (Chrono Boost)  
  84  9:38  Probe  
  85  9:47  Void Ray (Chrono Boost)  
  85  9:48  Probe  
  90  9:59  Probe  
  90  10:03  Fleet Beacon  
  90  10:04  Protoss Air Weapons Level 1  
  91  10:09  Protoss Shields Level 1, Probe  
  92  10:14  Pylon  
  92  10:26  Probe  
  97  10:29  Void Ray (Chrono Boost)  
  97  10:33  Assimilator  
  97  10:38  Probe, Assimilator  
  106  10:50  Void Ray (Chrono Boost), Probe  
  106  10:52  Void Ray (Chrono Boost)  
  107  10:58  Cybernetics Core  
  107  11:01  Pylon  
  107  11:03  Pylon, Probe  
  108  11:15  Probe  
  121  11:28  Carrier (Chrono Boost)  
  121  11:30  Probe  
  122  11:33  Probe  
  127  11:40  Probe  
  127  11:41  Carrier (Chrono Boost)  
  127  11:42  Void Ray (Chrono Boost)  
  127  11:45  Carrier (Chrono Boost), Probe  
  135  11:49  Anion Pulse-Crystals  
  135  12:05  Pylon  
  135  12:07  Protoss Air Armor Level 1, Pylon  
  135  12:10  Pylon  
  135  12:12  Protoss Air Weapons Level 2  
  141  12:30  Pylon  
  141  12:32  Pylon  
  141  12:35  Carrier (Chrono Boost)  
  141  12:38  Twilight Council  
  141  12:53  Graviton Catapult  
  93  13:34  Carrier (Chrono Boost)  
  93  13:35  Carrier (Chrono Boost)  
  93  13:45  Carrier (Chrono Boost)  
  93  13:46  Carrier (Chrono Boost)  
  99  14:24  Carrier x2 (Chrono Boost)  
  93  14:49  Carrier x2 (Chrono Boost)  
  111  15:07  Protoss Air Weapons Level 3  
  111  15:11  Carrier (Chrono Boost)  
  111  15:18  Protoss Air Armor Level 2  
  117  15:56  Carrier (Chrono Boost)  
  99  16:37  Carrier (Chrono Boost)  
  111  16:48  Carrier (Chrono Boost)  
  87  17:51  Carrier (Chrono Boost)  
  87  17:54  Carrier (Chrono Boost)  
  87  17:55  Carrier x2 (Chrono Boost)  
  67  18:45  Carrier (Chrono Boost)  
Show
View Real Time Build Order
Export as new Build Order

Jhyrachy Zerg 

Build Orders: Hatch First 

Get SALT Encoding   

  12  0:02  Drone  
  13  0:14  Drone  
  14  0:21  Overlord  
  14  0:45  Drone x2  
  14  0:46  Drone  
  17  1:08  Drone x2  
  19  1:13  Hatchery, Extractor  
  19  1:18  Spawning Pool  
  16  1:23  Drone  
  17  1:35  Drone  
  19  1:47  Drone  
  19  1:59  Overlord  
  19  2:08  Queen  
  21  2:28  Drone  
  21  2:29  Drone x2  
  24  2:32  Drone  
  24  2:33  Queen  
  27  2:53  Lair  
  27  2:56  Extractor  
  26  3:06  Drone x3  
  26  3:07  Drone x3  
  32  3:54  Spire  
  31  3:57  Drone  
  31  3:58  Drone x4  
  31  4:02  Overlord x2, Extractor  
  35  4:03  Extractor  
  34  4:40  Drone x5  
  39  4:53  Hatchery  
  39  4:55  Queen  
  39  4:58  Queen  
  42  5:18  Spore Crawler  
  41  5:22  Spore Crawler  
  41  5:23  Mutalisk x6  
  41  5:26  Overlord x3  
  52  5:52  Mutalisk  
  52  5:53  Mutalisk x5  
  64  6:09  Zerg Flyer Weapons Level 1  
  64  6:23  Queen  
  64  6:25  Drone  
  67  6:26  Drone x13  
  76  8:34  Extractor  
  75  8:35  Extractor  
  74  9:53  Hatchery  
  74  9:55  Zerg Flyer Weapons Level 2  
  73  10:02  Infestation Pit  
  72  10:09  Spire  
  72  10:10  Drone x3  
  72  10:11  Drone  
  75  10:18  Drone x2  
  75  10:21  Extractor  
  76  10:29  Extractor  
  75  10:50  Hive  
  75  10:53  Drone x3  
  75  10:54  Drone x2  
  75  10:55  Drone  
  81  11:36  Zerg Flyer Armor Level 1  
  81  11:49  Corruptor x3  
  81  11:52  Overlord x5  
  87  12:35  Viper x6  
  87  12:36  Viper x2  
  111  12:39  Overlord x6  
  111  12:40  Overlord x2  
  111  12:41  Corruptor  
  111  12:42  Corruptor x7  
  127  12:45  Greater Spire  
  121  13:11  Evolution Chamber  
  118  13:20  Corruptor x11  
  118  13:21  Corruptor x7  
  134  13:44  Overlord x2  
  134  13:45  Overlord x4  
  118  14:09  Brood Lord x2  
  132  14:10  Brood Lord x8  
  116  15:39  Hatchery  
  92  17:02  Drone x2  
  80  17:33  Spawning Pool  
  79  17:49  Hatchery  
  62  18:59  Drone  
  62  19:00  Drone x2  
  65  19:41  Drone x5  
  65  19:42  Drone  
  59  20:35  Hatchery  
  58  21:00  Extractor  
  58  21:02  Drone x5, Extractor  
  58  21:03  Drone  
  62  21:07  Lair  
  62  21:11  Pneumatized Carapace  
  62  22:00  Drone x3  
  62  22:01  Drone x3  
  70  22:09  Overseer x8  
  70  22:10  Overseer x3  
  54  22:37  Drone  
  54  22:38  Drone x2  
  21  24:43  Queen  
Show
View Real Time Build Order
Export as new Build Order

nubius Terran 

Build Orders:  

Get SALT Encoding   

  12  0:03  SCV  
  13  0:15  SCV  
  14  0:27  SCV  
  15  0:29  Supply Depot  
  15  0:39  Supply Depot  
  15  0:50  SCV  
  15  0:55  Barracks  
  16  1:06  Barracks  
  16  1:07  SCV  
  17  1:13  Refinery  
  17  1:20  SCV  
  18  1:38  SCV  
  19  1:50  SCV  
  19  1:51  Engineering Bay, Marine  
  21  2:02  Barracks Reactor, Refinery  
  21  2:03  SCV  
  22  2:09  Marine  
  23  2:29  Barracks Tech Lab  
  23  2:36  Missile Turret  
  22  2:46  Marine x2  
  24  2:53  SCV  
  24  2:55  Factory  
  25  3:04  Marine x2  
  25  3:05  SCV  
  26  3:17  SCV  
  26  3:18  Marine  
  26  3:22  Marine x2  
  26  3:40  Marine  
  23  3:42  Marine  
  23  3:43  Marine  
  23  3:45  Planetary Fortress  
  7  4:24  Factory Tech Lab  
  7  4:42  Supply Depot, Barracks Tech Lab  
  7  4:44  Siege Tank  
  10  4:47  SCV  
  11  4:59  SCV  
  12  5:11  SCV  
  13  5:23  SCV  
  14  5:35  SCV  
  15  5:40  Supply Depot  
  15  5:47  SCV  
  16  5:59  SCV  
  17  6:05  Barracks Reactor  
  17  6:10  Supply Depot  
  17  6:11  SCV  
  18  6:24  SCV  
  19  6:26  Engineering Bay  
  19  6:36  SCV  
  20  6:43  Marine x2  
  22  6:48  SCV  
  23  7:01  Marine  
  23  7:04  Barracks  
  23  7:05  Marine  
  25  7:08  SCV  
  26  7:17  Missile Turret  
  26  7:19  Marine  
  26  7:21  SCV  
  28  7:34  SCV  
  29  7:57  Marine x2  
  31  8:06  SCV  
  32  8:15  Marine x2  
  34  8:23  Siege Tank  
  37  8:27  Marine  
  31  8:44  Marine  
  29  8:56  Siege Tank  
  32  9:04  Barracks Reactor  
  32  9:20  Barracks  
  32  9:27  Widow Mine  
  32  9:56  Widow Mine, Command Center  
  34  10:19  Starport  
  34  10:24  Widow Mine  
  36  10:34  Starport  
  36  10:53  Widow Mine  
  36  10:55  Marine  
  39  11:07  Marine  
  39  11:08  Supply Depot  
  40  11:11  Starport Reactor  
  40  11:12  Marine  
  41  11:18  SCV  
  41  11:22  Cyclone  
  41  11:25  Marine  
  46  11:30  Marine  
  47  11:39  SCV  
  48  11:42  Starport Reactor  
  48  11:43  Marine  
  49  11:48  Marine  
  49  11:51  SCV  
  54  11:54  Cyclone  
  54  12:02  Mag-Field Accelerator  
  54  12:03  SCV  
  54  12:08  Viking  
  57  12:15  Viking  
  59  12:22  Viking  
  61  12:35  Cyclone  
  62  12:44  Supply Depot  
  62  13:06  Viking x2  
  59  13:36  Viking  
  61  13:42  Viking x3  
  58  14:06  Viking  
  57  14:13  Cyclone  
  60  14:18  Marine x2  
  60  14:21  SCV  
  63  14:33  SCV  
  63  14:36  Marine  
  65  14:43  Marine  
  66  14:45  SCV  
  66  14:50  Cyclone  
  70  15:09  Supply Depot  
  70  15:30  Viking, Marine x2  
  70  15:31  SCV  
  70  15:32  Supply Depot  
  75  15:43  Missile Turret  
  75  15:48  Marine  
  57  16:35  Viking x4  
  64  16:42  Marine x2  
  66  17:00  Marine x2  
  68  17:05  Viking x4  
  76  17:18  Marine  
  70  17:35  Viking x3  
  62  18:00  Viking  
  62  18:05  Viking x3  
  66  18:13  Siege Tank  
  69  18:30  Viking  
  71  18:35  Viking x2  
  74  18:46  Siege Tank  
  65  20:56  Marine x2  
  67  21:00  SCV  
  68  21:12  SCV  
  68  21:13  Marine x2  
  71  21:25  SCV  
  68  21:31  Marine x2  
  68  21:49  Marine x2  
  69  22:05  SCV  
  70  22:17  SCV  
  72  22:30  SCV  
  72  23:12  Marine x2  
  74  23:15  Marine x2  
  76  23:30  Marine x2  
  76  23:33  Medivac, Marine x2  
  82  23:46  Medivac  
  82  23:47  Marine x2  
  86  23:54  Marine  
  80  24:37  Marine x2  
  80  24:38  Marine  
Show
View Real Time Build Order
Export as new Build Order

Qwerty Terran 

Build Orders:  

Get SALT Encoding   

  12  0:03  SCV  
  13  0:24  Supply Depot  
  13  0:30  Engineering Bay  
  13  0:49  Barracks  
  13  1:01  Refinery  
  13  1:06  Missile Turret  
  13  1:11  SCV  
  14  1:36  Orbital Command  
  14  1:44  Bunker  
  14  2:10  Barracks Reactor  
  14  2:14  Missile Turret  
  14  2:46  Command Center, Marine x2  
  16  2:56  Missile Turret  
  16  3:01  SCV  
  16  3:04  Marine x2  
  19  3:13  SCV  
  20  3:25  SCV  
  18  3:38  Marine x2  
  19  3:44  SCV  
  20  3:56  SCV, Marine x2  
  23  4:04  Planetary Fortress  
  23  4:08  SCV  
  24  4:14  Marine x2  
  26  4:20  SCV  
  27  4:32  Marine x2  
  27  4:51  Bunker  
  23  5:04  Marine x2  
  22  5:16  Factory  
  22  5:18  Factory  
  22  5:22  Marine x2  
  24  5:36  Bunker  
  24  5:40  Marine x2  
  25  5:51  SCV  
  26  5:58  Marine x2  
  26  6:03  SCV  
  29  6:09  Missile Turret  
  29  6:12  Missile Turret x2  
  29  6:16  SCV, Missile Turret  
  30  6:27  Factory Tech Lab  
  30  6:28  SCV, Factory Reactor  
  31  6:36  Missile Turret  
  31  6:40  SCV  
  31  6:45  SCV  
  33  6:51  Refinery  
  33  6:57  SCV  
  34  7:04  Siege Tank  
  37  7:09  SCV  
  37  7:10  Sensor Tower  
  38  7:21  Supply Depot  
  38  7:26  Supply Depot  
  38  7:34  Supply Depot  
  38  7:37  Supply Depot  
  38  7:42  Supply Depot, Widow Mine  
  40  8:05  Widow Mine, Siege Tank  
  43  8:10  Marine x2  
  43  8:11  Widow Mine  
  45  8:28  Marine x2  
  45  8:46  Marine x2  
  45  9:04  Marine x2  
  47  9:22  Widow Mine  
  47  9:23  Widow Mine x2  
  53  9:40  Barracks  
  53  9:41  Barracks  
  53  9:43  SCV, Barracks  
  54  9:51  Widow Mine x3  
  60  9:55  SCV  
  60  9:57  Refinery  
  61  10:07  SCV  
  62  10:19  Widow Mine  
  62  10:20  Widow Mine x2, SCV  
  69  10:32  SCV  
  70  10:48  Widow Mine x3  
  76  11:10  Command Center  
  76  11:12  Missile Turret  
  76  11:15  Missile Turret  
  76  11:17  Widow Mine x3  
  76  11:18  Missile Turret  
  82  11:19  Missile Turret  
  82  11:22  Missile Turret  
  82  11:27  Barracks Reactor  
  82  11:28  Barracks Tech Lab  
  82  11:30  Barracks Reactor  
  82  11:35  Marine x2  
  84  11:40  Missile Turret  
  84  11:43  Missile Turret  
  84  11:45  Widow Mine x3  
  90  11:53  Marine x2  
  92  12:09  Marine x4  
  92  12:10  Marine  
  92  12:11  Marine x2  
  92  12:14  Widow Mine  
  101  12:21  Widow Mine x2  
  105  12:26  SCV  
  105  12:27  Marine x5  
  105  12:28  Marine  
  105  12:29  SCV, Marine  
  111  12:38  SCV  
  111  12:41  SCV  
  111  12:42  Widow Mine  
  115  12:44  Marine  
  115  12:45  Marine  
  117  13:18  Marine  
  117  13:20  Marine x2  
  117  13:21  Marine x2  
  117  13:22  Widow Mine, SCV, Marine  
  117  13:23  Widow Mine, Marine  
  106  13:34  SCV  
  106  13:36  Marine  
  106  13:38  Marine x2  
  106  13:39  Marine  
  106  13:40  Marine  
  112  13:42  Widow Mine  
  112  13:46  SCV  
  115  13:51  Widow Mine  
  117  13:58  Widow Mine  
  115  14:11  Widow Mine  
  117  14:26  Widow Mine  
  117  14:27  Widow Mine  
  107  14:39  Widow Mine  
  109  14:54  Widow Mine  
  109  14:55  Widow Mine  
  113  15:08  Widow Mine  
  115  15:23  Widow Mine  
  117  15:47  Widow Mine  
  117  15:49  Widow Mine  
  117  15:56  Widow Mine  
  117  16:32  Widow Mine  
  117  16:33  Widow Mine  
  36  20:04  Refinery  
  36  20:08  Refinery  
  17  23:52  Refinery  
Show
View Real Time Build Order
Export as new Build Order

Maklaut Protoss - Winner!

Build Orders: Carrier Rush 

Get SALT Encoding   

  12  0:17  Probe (Chrono Boost)  
  12  0:20  Pylon  
  13  0:28  Probe (Chrono Boost)  
  14  0:38  Probe (Chrono Boost), Assimilator  
  15  0:49  Probe (Chrono Boost)  
  16  0:59  Gateway  
  16  1:12  Forge  
  16  1:18  Probe (Chrono Boost)  
  16  1:22  Assimilator  
  17  1:29  Probe (Chrono Boost)  
  19  1:40  Probe (Chrono Boost)  
  19  1:57  Probe (Chrono Boost)  
  20  2:08  Nexus  
  20  2:10  Cybernetics Core  
  20  2:19  Pylon  
  20  2:25  Probe (Chrono Boost)  
  21  2:31  Photon Cannon  
  21  2:35  Probe (Chrono Boost)  
  22  2:45  Photon Cannon  
  22  2:55  Mothership Core (Chrono Boost)  
  22  2:56  Stargate  
  24  3:23  Probe (Chrono Boost)  
  24  3:26  Probe (Chrono Boost)  
  26  3:33  Probe (Chrono Boost)  
  27  3:37  Probe (Chrono Boost)  
  28  3:44  Pylon, Probe (Chrono Boost)  
  28  3:47  Probe (Chrono Boost)  
  30  3:54  Probe (Chrono Boost)  
  31  3:58  Probe (Chrono Boost)  
  32  4:05  Probe (Chrono Boost)  
  32  4:07  Probe (Chrono Boost)  
  34  4:10  Fleet Beacon, Oracle (Chrono Boost)  
  37  4:28  Probe, Assimilator  
  38  4:32  Pylon, Assimilator  
  38  4:36  Pylon  
  38  4:38  Probe  
  38  4:44  Probe  
  40  4:49  Probe  
  41  4:55  Carrier (Chrono Boost)  
  41  4:56  Probe  
  48  5:08  Probe  
  49  6:02  Probe  
  50  6:09  Carrier (Chrono Boost)  
  56  6:12  Probe  
  57  6:21  Pylon  
  57  6:23  Probe  
  58  6:25  Pylon  
  58  6:29  Pylon  
  58  6:31  Pylon, Graviton Catapult  
  58  6:34  Pylon, Probe  
  56  6:40  Pylon  
  56  6:44  Probe  
  57  6:47  Stargate  
  57  6:50  Stargate  
  57  6:55  Photon Cannon  
  57  7:02  Assimilator  
  57  7:04  Assimilator  
  57  7:06  Pylon  
  57  7:21  Stalker  
  65  7:24  Carrier (Chrono Boost)  
  64  7:47  Photon Cannon  
  64  7:50  Photon Cannon  
  64  7:51  Stalker  
  78  8:05  Protoss Air Weapons Level 1, Carrier (Chrono Boost)  
  78  8:06  Carrier (Chrono Boost)  
  84  8:21  Stalker  
  86  9:03  Pylon  
  86  9:04  Probe  
  86  9:05  Pylon  
  86  9:06  Photon Cannon  
  86  9:09  Nexus  
  87  9:14  Probe  
  87  9:15  Probe  
  89  9:21  Carrier (Chrono Boost)  
  101  9:25  Probe  
  101  9:27  Probe  
  109  9:32  Carrier (Chrono Boost)  
  109  9:39  Carrier (Chrono Boost), Probe  
  109  9:55  Protoss Shields Level 1  
  109  10:13  Photon Cannon  
  109  10:14  Photon Cannon  
  109  10:16  Photon Cannon  
  109  10:18  Assimilator  
  109  10:22  Probe  
  109  10:25  Carrier (Chrono Boost)  
  110  10:31  Protoss Air Weapons Level 2 (Chrono Boost)  
  110  10:33  Probe  
  117  10:43  Probe  
  118  11:22  Stalker  
  118  11:25  Pylon  
  120  11:28  Carrier  
  120  11:29  Carrier  
  120  11:32  Pylon  
  132  11:36  Pylon  
  132  11:38  Carrier  
  132  11:40  Pylon  
  132  11:47  Pylon  
  132  11:51  Robotics Facility  
  132  11:52  Stalker  
  140  12:22  Stalker  
  142  12:39  Observer  
  143  12:50  Protoss Air Weapons Level 3 (Chrono Boost)  
  143  12:54  Carrier  
  149  13:08  Twilight Council  
  141  13:39  Observer  
  142  13:49  Dark Shrine  
  142  13:51  Mothership Core  
  138  14:03  Tempest  
  140  14:10  Tempest  
  144  14:20  Tempest  
  154  15:05  Protoss Air Armor Level 1 (Chrono Boost)  
  154  15:09  Dark Templar  
  156  15:43  Nexus  
  156  15:45  Assimilator  
  156  15:47  Assimilator  
  156  15:48  Dark Templar  
  114  16:46  Observer  
  115  16:49  Carrier  
  113  17:01  Carrier x2  
  97  17:42  Dark Templar  
  97  18:00  Observer  
  97  18:04  Carrier  
  104  18:27  Tempest, Carrier  
  157  18:34  Stalker  
  116  18:49  Observer  
  117  19:04  Stalker  
  117  19:09  Carrier  
  125  19:18  Carrier  
  131  19:34  Stalker  
  133  19:52  Carrier  
  135  20:04  Stalker  
  83  21:23  Stalker  
  85  21:53  Stalker  
  87  22:22  Stalker (Chrono Boost)  
  89  22:39  Gateway  
  89  22:42  Gateway  
  89  22:44  Gateway  
  89  22:45  Mothership Core  
  89  22:46  Gateway  
  91  22:52  Stalker (Chrono Boost)  
  91  22:56  Carrier  
  91  22:58  Carrier  
  105  22:59  Carrier  
  111  23:18  Stalker (Chrono Boost)  
  125  23:43  Stalker x4 (Chrono Boost)  
  125  23:44  Stalker (Chrono Boost)  
  135  24:10  Stalker (Chrono Boost)  
  135  24:13  Stalker x4 (Chrono Boost)  
  155  24:36  Stalker (Chrono Boost)  
  153  24:43  Stalker x4 (Chrono Boost)  
Show
View Real Time Build Order
Export as new Build Order

Hägen Zerg - Winner!

Build Orders: Pool Only, Zergling Baneling 

Get SALT Encoding   

  12  0:03  Drone  
  13  0:08  Drone  
  14  0:30  Spawning Pool  
  13  0:35  Extractor  
  13  0:37  Drone x2  
  14  0:45  Overlord  
  14  1:05  Drone x2  
  16  1:12  Overlord  
  16  1:28  Queen  
  16  1:30  Drone  
  19  1:41  Baneling Nest  
  19  1:46  Zergling x4  
  20  2:02  Metabolic Boost  
  20  2:07  Zergling x4  
  22  2:23  Zergling x2  
  23  2:48  Zergling x10  
  27  3:14  Baneling x7  
  27  3:15  Baneling  
  23  4:16  Zergling x2  
  23  4:17  Zergling x10  
  24  4:48  Baneling x2  
  24  4:49  Baneling x7  
  24  4:50  Baneling  
  24  4:59  Zergling x2  
  26  5:00  Zergling x8  
  18  6:10  Drone x3  
  18  6:11  Drone x3  
  24  6:16  Lair, Extractor  
  23  6:51  Drone x3  
  26  6:55  Drone x2  
  24  7:20  Spore Crawler x2  
Show
View Real Time Build Order
Export as new Build Order

darksoul Terran - Winner!

Build Orders:  

Get SALT Encoding   

  12  0:01  SCV  
  13  0:31  SCV  
  13  0:33  Supply Depot  
  14  0:46  Supply Depot  
  14  0:48  SCV  
  15  0:59  Barracks  
  15  1:00  SCV  
  16  1:11  Barracks  
  16  1:12  SCV  
  17  1:26  Barracks  
  17  1:32  SCV  
  18  1:47  Orbital Command  
  18  1:50  Marine  
  18  1:51  Refinery  
  19  1:59  Marine  
  20  2:09  Refinery  
  20  2:11  Marine  
  21  2:17  Marine  
  21  2:18  SCV  
  23  2:26  Barracks  
  23  2:29  Marine x2  
  25  2:35  Marine  
  26  2:46  Marine  
  27  2:53  SCV  
  28  3:01  Factory  
  28  3:04  Marine x3  
  26  3:48  Marine x2  
  26  3:49  Marine  
  26  3:52  Marine  
  30  4:06  Marine  
  31  4:23  Bunker  
  31  4:25  Marine  
  31  4:36  Barracks Tech Lab  
  31  4:41  Barracks Tech Lab  
  25  5:17  Marauder x2  
  29  5:25  Factory Reactor  
  29  5:27  SCV, Barracks Reactor  
  30  5:35  Barracks Reactor  
  30  5:38  Marauder  
  31  5:49  Concussive Shells  
  31  5:51  Combat Shields  
  31  5:57  SCV, Marauder  
  31  5:59  Supply Depot  
  31  6:02  Engineering Bay  
  34  6:05  Supply Depot  
  34  6:17  Marauder, Marine x3  
  39  6:20  Marine  
  39  6:21  Marauder  
  39  6:24  Supply Depot  
  39  6:25  Supply Depot, Command Center  
  42  6:33  Widow Mine x2  
  42  6:35  Marine x3  
  42  6:38  Marauder, Marine  
  52  6:42  Marine  
  53  6:52  Marine  
  53  6:53  SCV, Marine  
  54  7:07  Marine x3  
  57  7:29  Supply Depot  
  57  7:30  Marine  
  57  7:31  Marine x2  
  60  7:48  Widow Mine x2  
  64  7:59  Missile Turret  
  64  8:01  Marine x2  
  64  8:02  Marine x4  
  71  8:05  SCV  
  71  8:16  Widow Mine x2  
  71  8:19  Marine  
  76  8:23  Missile Turret  
  31  8:57  Marine  
  31  8:58  Marine x5  
  37  9:08  Starport  
  37  9:15  Marine x2  
  37  9:16  Marine x3  
  37  9:17  Missile Turret  
  42  9:22  SCV  
  43  9:32  Stimpack  
  43  9:38  Missile Turret  
  43  10:04  SCV  
  44  10:10  Starport Reactor  
  44  10:13  Marauder x2  
  48  10:15  Marine x3  
  48  10:16  Marine  
  52  10:29  Widow Mine x2  
  52  10:33  Marine x4  
  52  10:34  Marauder x2  
  64  10:37  Armory  
  64  10:39  Terran Infantry Weapons Level 1  
  64  10:51  Marine x3  
  64  10:56  Marauder x2  
  71  10:57  Widow Mine x2  
  75  11:26  Widow Mine x2  
  79  11:40  Command Center  
  79  11:53  Medivac  
  81  12:00  Medivac  
  73  13:21  Planetary Fortress  
  72  13:28  Missile Turret  
  70  13:39  Missile Turret  
  70  13:46  Missile Turret  
  70  13:52  Siege Tank  
  70  13:55  Marine x2  
  70  14:34  Siege Tank  
  73  14:44  SCV  
  74  14:50  Refinery  
  74  14:56  Marauder  
  74  14:58  Marine x4  
  74  14:59  Marine  
  81  15:06  Siege Tank  
  84  15:18  Marauder  
  86  15:39  Marauder  
  88  16:00  Marauder  
  90  16:10  Marine x2  
  90  16:11  Marine x3  
  94  16:12  Marine  
  96  16:22  Marauder  
  98  16:28  Marine x3  
  98  16:29  Marine  
  92  16:43  Marauder  
  92  16:47  Marine x4  
  92  16:48  Marine x2  
  98  17:04  Marauder  
  98  17:05  Marine x3  
  102  17:10  Marine  
  98  17:53  SCV  
  99  18:09  Marine x2  
  99  18:10  Marine  
  102  18:30  Supply Depot  
  102  18:33  Supply Depot  
  102  18:51  Marine x7  
  102  18:53  Supply Depot  
  109  18:56  Supply Depot  
  109  19:12  Terran Infantry Weapons Level 2  
  37  20:01  Marauder, Marine x5  
  37  20:02  Marine  
  45  20:19  Marine x2  
  48  20:22  Marauder  
  49  20:43  Marauder  
  45  21:00  Marine x5  
  50  21:04  Widow Mine x2  
  50  21:05  Marauder  
  56  21:17  Marine  
  56  21:18  Marine  
  58  21:33  Widow Mine x2  
  60  22:01  Widow Mine  
  60  22:02  Widow Mine  
  62  22:20  Marauder x2, Marine x4  
  70  22:26  Viking x2  
  73  22:30  Widow Mine x2  
  77  22:37  Marine  
  77  22:38  Marine  
  79  22:56  Viking x2  
  83  22:58  Widow Mine  
  83  22:59  Widow Mine  
  83  23:01  Marauder  
  83  23:02  Marauder, Marine  
  83  23:03  Marine x3  
  95  23:11  Command Center  
  95  23:20  Marine  
  95  23:23  Marauder x2  
  95  23:26  Viking x2  
  104  23:27  Widow Mine x2  
  108  23:50  Refinery  
  108  23:51  Missile Turret  
  108  23:55  Viking  
  110  24:12  Marauder x2  
  110  24:14  Marine  
  110  24:15  Marine x3  
  118  24:26  Supply Depot  
  118  24:32  Marine  
  118  24:34  Marauder  
  121  24:47  Orbital Command  
Show
View Real Time Build Order
Export as new Build Order

Koloss Terran - Winner!

Build Orders: MMM Bio 

Get SALT Encoding   

  12  0:03  SCV  
  13  0:19  SCV  
  14  0:26  Supply Depot  
  14  0:31  SCV  
  15  0:41  Supply Depot  
  15  0:49  Supply Depot  
  15  0:58  SCV  
  16  1:05  Supply Depot  
  16  1:10  SCV  
  17  1:12  Supply Depot  
  17  1:22  SCV  
  18  1:28  Supply Depot  
  18  1:38  Barracks  
  18  1:39  Barracks  
  18  1:58  SCV  
  18  2:01  Refinery  
  19  2:04  Refinery  
  19  2:10  SCV  
  19  2:13  Engineering Bay  
  21  2:22  SCV  
  21  2:34  SCV, Marine x2  
  24  2:47  SCV  
  25  2:53  Marine x2  
  27  2:59  SCV  
  28  3:06  Factory  
  28  3:11  Marine x2  
  30  3:22  Bunker  
  30  3:29  Terran Infantry Weapons Level 1  
  30  3:30  SCV  
  30  3:33  Barracks Tech Lab  
  30  3:34  Barracks Tech Lab  
  31  3:44  Orbital Command  
  31  3:52  Missile Turret  
  31  3:56  Combat Shields  
  31  4:00  Factory Tech Lab  
  31  4:14  Sensor Tower, Missile Turret  
  31  4:34  Missile Turret  
  31  4:42  Command Center  
  31  5:00  Engineering Bay  
  31  5:02  Siege Tank  
  34  5:11  Starport  
  34  5:14  Stimpack, Concussive Shells  
  34  5:22  Marine  
  34  5:23  Marine  
  36  5:40  Marine  
  36  5:41  SCV  
  38  5:43  Armory  
  38  5:54  Missile Turret  
  38  5:57  Orbital Command  
  38  6:08  Starport Reactor  
  38  6:20  SCV  
  39  6:27  SCV  
  39  6:32  SCV  
  41  6:34  Terran Infantry Weapons Level 2  
  41  6:36  Terran Infantry Armor Level 1  
  41  6:39  SCV  
  42  6:43  Supply Depot  
  42  6:44  SCV  
  43  6:50  Medivac  
  43  6:52  SCV  
  46  6:57  Widow Mine, SCV  
  49  7:04  SCV  
  49  7:05  Supply Depot  
  49  7:08  Missile Turret  
  50  7:09  SCV  
  51  7:16  SCV  
  51  7:19  Missile Turret  
  52  7:26  Missile Turret  
  52  7:28  Supply Depot  
  52  7:30  Refinery  
  52  7:41  Missile Turret  
  52  7:42  Marine  
  52  7:43  Marine  
  54  7:51  Barracks  
  54  8:00  Missile Turret, Marine x2  
  54  8:02  Missile Turret  
  56  8:07  SCV  
  57  8:18  Marine x2  
  57  8:19  SCV  
  59  8:21  Missile Turret  
  58  8:29  Refinery  
  58  8:31  SCV  
  59  8:36  Marine x2  
  59  8:38  Barracks  
  61  8:41  Barracks Reactor  
  61  8:43  Terran Infantry Armor Level 2, SCV  
  61  8:44  Missile Turret  
  62  8:50  Medivac x2  
  62  8:54  Supply Depot, Marine x2  
  62  8:55  SCV  
  69  8:56  Terran Vehicle And Ship Armor Level 1  
  69  9:11  Factory, Marine  
  69  9:12  Marine  
  71  9:17  Missile Turret  
  71  9:19  Medivac  
  71  9:20  Medivac  
  75  9:28  Terran Infantry Weapons Level 3  
  75  9:29  Marine x2  
  77  9:35  Command Center  
  77  9:37  Barracks Reactor  
  77  9:38  Missile Turret  
  77  9:47  Marine x2  
  79  10:06  Factory Tech Lab  
  79  10:15  Armory  
  79  10:17  Missile Turret  
  79  10:23  Marine  
  79  10:24  Marine x5  
  85  10:34  Medivac x2  
  89  10:41  Marine x2  
  89  10:42  Marine x3  
  94  10:46  Marine  
  94  10:48  Supply Depot  
  95  10:59  Marine x3  
  95  11:00  Marine x2  
  95  11:04  Medivac, Thor, Marine  
  106  11:10  Medivac, Supply Depot  
  111  11:17  Marine x3  
  114  11:24  Terran Vehicle Weapons Level 1, Terran Vehicle And Ship Armor Level 2  
  114  11:37  Marine x3  
  114  11:38  Marine  
  114  11:39  Terran Infantry Armor Level 3  
  118  11:56  Refinery  
  118  11:57  Refinery  
  118  12:01  Orbital Command  
  118  12:28  Thor x2  
  130  13:21  Hi-Sec Auto Tracking  
  113  15:26  Marine x5  
  113  15:27  Marine  
  119  15:31  Thor x2  
  119  15:35  Terran Vehicle Weapons Level 2  
  131  15:36  Terran Vehicle And Ship Armor Level 3  
  131  15:44  Marine x6  
  137  16:01  Marine  
  137  16:02  Marine x4  
  142  16:14  Thor x2  
  68  19:34  Marine x2  
  68  19:35  Marine x4  
  74  19:42  Medivac  
  74  19:43  Medivac  
  78  19:52  Marine x3  
  79  19:53  Marine x3  
  84  20:10  Marine x5  
  84  20:11  Marine  
  84  20:12  Medivac  
  84  20:13  Medivac  
  94  20:20  Building Armor  
  94  20:28  Marine x6  
  100  20:41  Missile Turret  
  100  20:46  Marine x6  
  106  21:02  Missile Turret  
  106  21:03  Orbital Command, Marine x2  
  106  21:04  Marauder, Marine  
  108  21:05  Marauder  
  108  21:07  Marine  
  114  21:21  Marine x3  
  114  21:25  Marine  
  118  21:26  Marauder x2  
  122  21:34  Missile Turret  
  122  21:39  Marine x3  
  125  21:43  Marine  
  126  21:49  Marine x2  
  128  21:54  Missile Turret  
  128  21:57  Marine x3  
  128  22:00  Marine  
  132  22:07  Marine x2  
  134  22:15  Missile Turret, Marine x3  
  137  22:18  Marine  
  138  22:25  Marine x2  
  140  22:32  Marine  
  140  22:33  Marine x2  
  140  22:36  Marine  
  144  22:37  Missile Turret  
  144  22:43  Marine x2  
  146  23:01  Marine  
  146  23:02  Marine x5  
  146  23:05  Neosteel Frame  
  152  23:12  Thor x2  
  164  23:19  Marine  
  165  23:28  Starport  
  165  23:36  Viking x2, Marine x4  
  173  23:48  Refinery  
  168  24:06  Viking x2  
  172  24:23  Thor  
  173  24:25  Thor  
  137  24:36  Viking x2  
Tags
 
Add a new tag
Caveats
  • Supply blocks, unpowered buildings, or Contaminate may cause inaccurate times.
  • Supply counts are checked every 10 seconds.